 Dungeon Crawl Stone Soup version 0.28-a0-1339-ga5422284a4 (webtiles) character file.

Game seed: 12757680368170056615

1488 shoop the Magician (level 9, -5/58 HPs)
             Began as a Djinni Hedge Wizard on Dec 28, 2021.
             Slain by a wyvern (17 damage)
             ... on level 7 of the Dungeon.
             The game lasted 00:12:36 (9257 turns).

shoop the Magician (Djinni Hedge Wizard)            Turns: 9257, Time: 00:12:37

Health: -5/58      AC:  5    Str:  9    XL:     9   Next: 7%
Gold:   72         EV: 11    Int: 27    God:
                   SH:  0    Dex: 12

rFire   + + .      SeeInvis .   u - +0 short sword (venom)
rCold   x . .      Faith    .   (no shield)
rNeg    . . .      Spirit   .   x - +0 leather armour
rPois   ∞          Reflect  .   f - +0 helmet
rElec   .          Harm     .   B - +0 cloak
rCorr   +          Rampage  .   (no gloves)
Will    .....                   (boots unavailable)
Stlth   ++........              (no amulet)
HPRegen 0.19/turn               t - +6 ring of intelligence
MPRegen 0.00/turn               A - ring of resist corrosion

@: flying
A: sickness immunity, fire resistance 2, cold vulnerability 1, float, innate
caster, hp casting, extra vitality 1
a: no special abilities


You were on level 7 of the Dungeon.
You visited 1 branch of the dungeon, and saw 7 of its levels.

You collected 169 gold pieces.
You spent 97 gold pieces at shops.

Inventory:

Hand Weapons
 a - a +0 dagger
 h - a +2 dagger of distortion
 j - a +1 shortbow of freezing
 l - a +0 long sword
 u - a +0 short sword of venom (weapon)
 y - a +2 vorpal flail
Missiles
 p - 2 throwing nets
 s - 31 arrows
Armour
 b - a +0 robe
 c - a +0 hat
 f - a +0 helmet (worn)
 x - a +0 leather armour (worn)
 B - a +0 cloak (worn)
Jewellery
 t - a +6 ring of intelligence (left hand)
 A - a ring of resist corrosion (right hand)
Wands
 C - a wand of iceblast (4)
Scrolls
 d - 2 scrolls of amnesia {unknown}
 i - 2 scrolls of blinking
 k - 3 scrolls of identify {unknown}
 m - a scroll of acquirement {unknown}
 n - a scroll of immolation {unknown}
 o - a scroll of enchant weapon {unknown}
 w - a scroll of teleportation {unknown}
Potions
 e - a potion of flight
 g - 2 potions of haste {unknown}
 q - 5 potions of curing {unknown}
 r - a potion of heal wounds {unknown}
 v - a potion of mutation {unknown}
 z - 2 potions of magic {unknown}


   Skills:
 - Level 2.0 Fighting
 - Level 0.8(1.8) Short Blades
 - Level 2.5(2.6) Long Blades
 - Level 2.0 Armour
 - Level 2.2 Dodging
 - Level 2.0 Stealth
 - Level 7.2 Spellcasting
 + Level 2.9 Evocations


You couldn't memorise any spells.
You knew the following spells:

 Your Spells              Type           Power      Damage    Failure   Level
a - Magic Dart            Conj           100%       1d8       1%          1
b - Blink                 Tloc           96%        N/A       1%          2
c - Call Imp              Summ           48%        N/A       1%          2
d - Slow                  Hex            100%       N/A       1%          1
e - Conjure Flame         Conj/Fire      48%        6-21      1%          3
f - Mephitic Cloud        Conj/Pois/Air  48%        N/A       1%          3
g - Pain                  Necr           100%       1d9       1%          1
h - Corpse Rot            Necr/Air       96%        N/A       1%          2
i - Ozocubu's Armour      Ice            48%        N/A       1%          3
j - Petrify               Tmut/Erth      48%        N/A       4%          4
Your spell library was empty.

Dungeon Overview and Level Annotations

Branches:
Dungeon (7/15)
 Temple: D:4-7

Altars:

Shops:
D:5 ?

Annotations:
D:6 exclusion: necrophage


Innate Abilities, Weirdness & Mutations

You are immune to sickness and miasma.
You are immune to poison.
Your flesh is very heat resistant. (rF++)
You are vulnerable to cold. (rC-)
You float through the air rather than walking.
You learn spells naturally, not from books.
Your magical power is your life essence.
You have superior vitality. (+4 MHP)


Message History

Aiming: Mephitic Cloud (safe; 1% risk of failure)
Press: ? - help, Shift-Dir - straight line, f - wyvern
Aim: a wyvern (chance to affect: 77%)
The ball explodes into a vile cloud!
The stinking cloud engulfs the wyvern but does no damage.
The wyvern is engulfed in noxious fumes.
The wyvern appears confused.
The wyvern is engulfed in noxious fumes.
The wyvern appears confused.
Casting: Mephitic Cloud (safe; 1% risk of failure)
Confirm with . or Enter, or press ? or * to list all spells.
Aiming: Magic Dart (safe; 1% risk of failure)
Press: ? - help, Shift-Dir - straight line, f/p - wyvern
Aim: a wyvern (lightly wounded, confused, 100% to hit)
The magic dart hits the wyvern.
The wyvern is moderately wounded.
Casting: Magic Dart (safe; 1% risk of failure)
Confirm with . or Enter, or press ? or * to list all spells.
Aiming: Magic Dart (safe; 1% risk of failure)
Press: ? - help, Shift-Dir - straight line, f/p - wyvern
Aim: a wyvern (moderately wounded, confused, 100% to hit)
The magic dart hits the wyvern.
The wyvern is heavily wounded.
Casting: Magic Dart (safe; 1% risk of failure)
Confirm with . or Enter, or press ? or * to list all spells.
You can't see any susceptible monsters within range! (Use Z to cast anyway.)
A wyvern is nearby!
You are too injured to fight recklessly!
Unknown command.
Things that are here:
a +0 mace; a boomerang; a +0 scale mail You are too injured to fight recklessly!
The wyvern bites you!
* * * LOW HITPOINT WARNING * * *
You hit the wyvern.
The wyvern is heavily wounded.
The wyvern bites you.
* * * LOW HITPOINT WARNING * * *
The wyvern bites you!
You die...

##.#..............
##.#.##.#........ .#
.# ##.#..#.#.#.....#
.# .
##....#.#.##.###.... .
####..#.#.<......#.#.#
# #..#.##.#.#####l#.#
# ##....#...... ... #
#.#.###.########†# #
#...# #.#....)@l.#
###.#####.#..#######
..#)#<..............
..'...............>#
..#.................
###.#####.###########
#...#..............
###.#.#.#.###########
......#.#.#


You could see a wyvern (confused).

Vanquished Creatures
  A hornet (D:7)
  An orc warrior (D:7)
  2 centaurs
  3 phantoms
  A centaur zombie (D:7)
  2 jellies
  A hound (D:4)
  A centaur skeleton (D:6)
  2 orc priests
  A bullfrog skeleton (D:6)
  3 iguanas
  2 orc wizards (D:7)
  A killer bee zombie (D:6)
  A hound zombie (D:5)
  Robin (D:2)
  10 gnolls
  A howler monkey skeleton (D:5)
  6 adders
  A shadow imp (D:5)
  An ufetubus (D:4)
  4 dart slugs
  8 orcs
  7 ball pythons
  11 endoplasms
  4 giant cockroaches
  12 goblins
  12 hobgoblins
  6 jackals
  A kobold (D:3)
  3 quokkas
  2 bats
  2 frilled lizards
  5 rats
119 creatures vanquished.

Vanquished Creatures (collateral kills)
  A water moccasin (D:6)
  A gnoll (D:4)
  An adder (D:5)
  A dart slug (D:4)
  2 jackals (D:5)
6 creatures vanquished.

Grand Total: 125 creatures vanquished

Notes
Turn   | Place    | Note
-------+----------+-------------------------------------------
     0 | D:1      | shoop the Djinni Hedge Wizard began the quest for the Orb.
     0 | D:1      | Reached XP level 1. HP: 15/15 MP: 0/0
   455 | D:1      | Reached XP level 2. HP: 19/21 MP: 0/0
   944 | D:1      | Reached skill level 3 in Spellcasting
  1138 | D:1      | Reached XP level 3. HP: 22/25 MP: 0/0
  1138 | D:1      | Learned a level 1 spell: Pain
  1464 | D:2      | Noticed Robin
  1476 | D:2      | Killed Robin
  1772 | D:2      | Reached XP level 4. HP: 15/31 MP: 0/0
  3292 | D:3      | Reached skill level 4 in Spellcasting
  3389 | D:3      | Reached XP level 5. HP: 34/36 MP: 0/0
  3389 | D:3      | Learned a level 2 spell: Corpse Rot
  4443 | D:4      | Reached skill level 1 in Fighting
  4443 | D:4      | Reached XP level 6. HP: 21/42 MP: 0/0
  4775 | D:4      | Reached skill level 1 in Long Blades
  5003 | D:4      | Reached skill level 5 in Spellcasting
  5039 | D:4      | Reached XP level 7. HP: 19/47 MP: 0/0
  5039 | D:4      | Learned a level 3 spell: Ozocubu's Armour
  5456 | D:5      | Entered Level 5 of the Dungeon
  5776 | D:5      | Found Joypy's Magic Scroll Shoppe.
  5783 | D:5      | Bought a scroll of blinking for 97 gold pieces
  7249 | D:6      | Reached skill level 6 in Spellcasting
  7249 | D:6      | Reached XP level 8. HP: 22/54 MP: 0/0
  8677 | D:7      | Reached skill level 7 in Spellcasting
  9234 | D:7      | Noticed a hornet
  9237 | D:7      | Noticed a wyvern
  9241 | D:7      | Killed a hornet
  9242 | D:7      | Reached XP level 9. HP: 37/58 MP: 0/0
  9242 | D:7      | Learned a level 4 spell: Petrify
  9257 | D:7      | Slain by a wyvern

Illustrated notes

Levels and vault maps discovered:
D:1:      sevenhm_arrival_forest_fort_large_4, layout_loops_cross, st_stairs_14,
          serial_bayou_crossing
D:2:      layout_basic, uniq_robin
D:3:      layout_loops_cross
D:4:      layout_gridville
D:5:      layout_cave_pods, serial_shops, shop
D:6:      layout_loops_ring
D:7:      layout_basic, minmay_temple_entry_poolview, eino_jars

Skill      XL: |  1  2  3  4  5  6  7  8 |
---------------+-------------------------+-----
Spellcasting   | 3 4 5 6 7 |  7.2
Fighting       | 1 2 |  2.0
Long Blades    | 1 2 |  2.5
Armour         | 2 |  2.0
Stealth        | 2 |  2.0
Evocations     | 2 |  2.9
Short Blades   | |  0.8
Dodging        | |  2.2

Action                   |  1- 3 |  4- 6 |  7- 9 || total
-------------------------+-------+-------+-------++-------
Melee: Dagger            |    10 |       |       ||    10
       Long sword        |       |    18 |     4 ||    22
       Short sword       |       |       |    52 ||    52
       Flail             |       |       |     3 ||     3
 Cast: Magic Dart        |    74 |   146 |   142 ||   362
       Mephitic Cloud    |       |     3 |    12 ||    15
       Blink             |       |     2 |       ||     2
       Corpse Rot        |       |     1 |       ||     1
       Call Imp          |       |     1 |     6 ||     7
  Use: Potion            |       |     2 |       ||     2
 Stab: Sleeping          |       |     3 |       ||     3
       Confused          |       |       |     5 ||     5
Armor: Robe              |       |    10 |     5 ||    15
       Leather armour    |       |       |    11 ||    11
Dodge: Dodged            |     9 |    27 |    59 ||    95

Table legend: (Time is in decaauts)
 A = Elapsed time spent in this place.
 B = Non-inter-level travel time spent in this place.
 C = Inter-level travel time spent in this place.
 D = Time resting spent in this place.
 E = Time spent auto-exploring this place.
 F = Levels seen in this place.
 G = Mean time per level.
                   A        B        C        D        E       F      G
               +--------+--------+--------+--------+--------+-----+--------+
         Total |   9262 |   9043 |    219 |    187 |   8011 |   7 | 1323.1 |
       Dungeon |   9262 |   9043 |    219 |    187 |   8011 |   7 | 1323.1 |
               +--------+--------+--------+--------+--------+-----+--------+

Top non-repeatable levels by time:
     D:6: 1724 daAuts
     D:2: 1683 daAuts
     D:1: 1440 daAuts
     D:5: 1424 daAuts
     D:4: 1280 daAuts
     D:3: 1057 daAuts
     D:7: 652 daAuts
